A - U25
GREENSBORO GRASSHOPPERS @ DELMARVA SHOREBIRDS
04/16/2052
 
TOP OF THE 1ST
Ames Sod Poodles batting - Pitching for Lake County Captains : LHP Gentry Calcagno
Pitching: LHP Gentry Calcagno
Batting: RHB Isaac Keenan 0-0: Called Strike
0-1: Ball
1-1: Foul Ball, location: 9LSF
1-2: SINGLE (Flyball, 7LS, EV 96.9 MPH)
Batting: LHB Juan Landa 0-0: Ball
1-0: Fly out, F8 (Line Drive, 89D, EV 86.3 MPH)
Batting: RHB Nando Reyes 0-0: Called Strike
Isaac Keenan is caught stealing 2nd base 2-4
0-1: Swinging Strike
0-2: Ball
1-2: Foul Ball, location: 2F
1-2: Ball
2-2: Foul Ball, location: 23FF
2-2: Ball
3-2: Fly out, F9 (Flyball, 89M, EV 75.6 MPH)
Top of the 1st over - 0 runs, 1 hit, 0 errors, 0 left on base; Ames 0 - Lake County 0
BOTTOM OF THE 1ST
Lake County Captains batting - Pitching for Ames Sod Poodles : RHP Ean Carroll
Pitching: RHP Ean Carroll
Batting: RHB Stefan Sampson 0-0: Called Strike
0-1: Swinging Strike
0-2: Ball
1-2: Foul Ball, location: 9LMF
1-2: Ball
2-2: Ball
3-2: Strikes out swinging
Batting: LHB Thomas Pendleton 0-0: Swinging Strike
0-1: SINGLE (Line Drive, 4D, EV 65.6 MPH)
Batting: LHB Harrison Waite 0-0: Foul Ball, location: 2F
0-1: Reached on error, E6 (Groundball, 6MD, EV 100.0 MPH)
Thomas Pendleton to second
Batting: LHB Felipe Cansino 0-0: Ball
Thomas Pendleton is caught stealing 3rd base 2-5
Harrison Waite to second
1-0: Called Strike
1-1: Swinging Strike
1-2: Foul Ball, location: 5FF
1-2: Foul Ball, location: 9LMF
1-2: Foul Ball, location: 7LSF
1-2: Strikes out swinging
Bottom of the 1st over - 0 runs, 1 hit, 1 error, 1 left on base; Ames 0 - Lake County 0
TOP OF THE 2ND
Ames Sod Poodles batting - Pitching for Lake County Captains : LHP Gentry Calcagno
Batting: SHB Aiden Edwards 0-0: Foul Ball, location: 5SF
0-1: Foul Ball, location: 2F
0-2: Foul Ball, location: 5FF
0-2: Strikes out swinging
Batting: LHB Jeuyson Palomino 0-0: Foul Ball, location: 5SF
0-1: Ball
1-1: Ball
2-1: Ball
3-1: Base on Balls
Batting: LHB Lincoln Eyre 0-0: Called Strike
0-1: Foul Ball, location: 5SF
0-2: Ball
1-2: Foul Ball, location: 5F
1-2: SINGLE (Line Drive, 34, EV 102.5 MPH)
Jeuyson Palomino to second
Batting: RHB D.J. Stewart 0-0: Swinging Strike
0-1: Foul Ball, location: 2F
0-2: Strikes out swinging
Batting: RHB Jimmy Schramm 0-0: Swinging Strike
0-1: Called Strike
0-2: Strikes out swinging
Top of the 2nd over - 0 runs, 1 hit, 0 errors, 2 left on base; Ames 0 - Lake County 0
BOTTOM OF THE 2ND
Lake County Captains batting - Pitching for Ames Sod Poodles : RHP Ean Carroll
Batting: RHB Capo Beltran 0-0: Ball
1-0: Foul Ball, location: 2F
1-1: Ball
2-1: Called Strike
2-2: Strikes out swinging
Batting: RHB Logan Hernandez 0-0: Ball
1-0: Ground out 4-3 (Groundball, 34D, EV 98.8 MPH)
Batting: LHB Frank Troxell 0-0: Ball
1-0: Ball
2-0: DOUBLE (Flyball, 8LXD, EV 92.5 MPH)
Batting: RHB Emmanuel Martínez 0-0: Ball
1-0: Ball
2-0: Called Strike
2-1: Fly out, F9 (Line Drive, 9S, EV 102.5 MPH)
Bottom of the 2nd over - 0 runs, 1 hit, 0 errors, 1 left on base; Ames 0 - Lake County 0
TOP OF THE 3RD
Ames Sod Poodles batting - Pitching for Lake County Captains : LHP Gentry Calcagno
Batting: RHB Sam Hall 0-0: Swinging Strike
0-1: Ball
1-1: Called Strike
1-2: Foul Ball, location: 5SF
1-2: SINGLE (Line Drive, 9S, EV 95.6 MPH)
Batting: RHB Isaac Keenan 0-0: Foul Ball, location: 2F
0-1: Called Strike
Sam Hall steals 2nd base
0-2: Fly out, F9 (Flyball, 89S, EV 86.9 MPH)
Batting: LHB Juan Landa 0-0: Ball
1-0: Swinging Strike
1-1: Ground out U3 (Groundball, 3, EV 98.8 MPH)
Sam Hall to third
Batting: RHB Nando Reyes 0-0: Foul Ball, location: 9LSF
0-1: Foul Ball, location: 7LDF
0-2: Ball
1-2: Fly out, F9 (Flyball, 89M, EV 98.1 MPH)
Top of the 3rd over - 0 runs, 1 hit, 0 errors, 1 left on base; Ames 0 - Lake County 0
BOTTOM OF THE 3RD
Lake County Captains batting - Pitching for Ames Sod Poodles : RHP Ean Carroll
Batting: LHB Alton Oceguera 0-0: Called Strike
0-1: Swinging Strike
0-2: Strikes out swinging
Batting: RHB Stefan Sampson 0-0: Called Strike
0-1: Fly out, F9 (Flyball, 89D, EV 88.8 MPH)
Batting: LHB Thomas Pendleton 0-0: Ball
1-0: Ball
2-0: SINGLE (Groundball, 34D, EV 107.5 MPH)
Batting: LHB Harrison Waite 0-0: Ball
Thomas Pendleton steals 2nd base
1-0: Foul Ball, location: 9LMF
1-1: Called Strike
1-2: Ground out 3-1 (Groundball, 13, EV 78.8 MPH)
Bottom of the 3rd over - 0 runs, 1 hit, 0 errors, 1 left on base; Ames 0 - Lake County 0
TOP OF THE 4TH
Ames Sod Poodles batting - Pitching for Lake County Captains : LHP Gentry Calcagno
Batting: SHB Aiden Edwards 0-0: Foul Ball, location: 2F
0-1: Fly out, F8 (Flyball, 89S, EV 86.9 MPH)
Batting: LHB Jeuyson Palomino 0-0: Ball
1-0: Called Strike
1-1: Ball
2-1: Swinging Strike
2-2: Strikes out swinging
Batting: LHB Lincoln Eyre 0-0: Called Strike
0-1: Swinging Strike
0-2: Foul Ball, location: 25FF
0-2: Foul Ball, location: 7LMF
0-2: Fly out, F7 (Flyball, 78S, EV 97.5 MPH)
Top of the 4th over - 0 runs, 0 hits, 0 errors, 0 left on base; Ames 0 - Lake County 0
BOTTOM OF THE 4TH
Lake County Captains batting - Pitching for Ames Sod Poodles : RHP Ean Carroll
Batting: LHB Felipe Cansino 0-0: Ball
1-0: Ball
2-0: Ball
3-0: Base on Balls
Batting: RHB Capo Beltran 0-0: Ball
1-0: Fly out, F8 (Flyball, 8RXD, EV 93.1 MPH)
Batting: RHB Logan Hernandez 0-0: Called Strike
0-1: Ball
1-1: Ball
2-1: Foul Ball, location: 3FF
2-2: Foul Ball, location: 7LMF
2-2: Ball
3-2: Strikes out swinging
Batting: LHB Frank Troxell 0-0: Ball
1-0: Fly out, F5 (Popup, 5L, EV 69.4 MPH)
Bottom of the 4th over - 0 runs, 0 hits, 0 errors, 1 left on base; Ames 0 - Lake County 0
TOP OF THE 5TH
Ames Sod Poodles batting - Pitching for Lake County Captains : LHP Gentry Calcagno
Batting: RHB D.J. Stewart 0-0: Ball
1-0: Called Strike
1-1: Foul Ball, location: 5FF
1-2: Fly out, F9 (Flyball, 9, EV 93.8 MPH)
Batting: RHB Jimmy Schramm 0-0: Called Strike
0-1: Hit by Pitch
Batting: RHB Sam Hall 0-0: Fly out, F9 (Flyball, 9D, EV 101.9 MPH)
Batting: RHB Isaac Keenan 0-0: Ball
1-0: Ball
2-0: Ball
3-0: Base on Balls
Jimmy Schramm to second
Batting: LHB Juan Landa 0-0: SINGLE (Line Drive, 4MD, EV 111.3 MPH)
Jimmy Schramm to third
Isaac Keenan to second
Batting: RHB Nando Reyes 0-0: SINGLE (Groundball, 56, EV 110.0 MPH) (infield hit)
Jimmy Schramm scores
Isaac Keenan to third
Juan Landa to second
Batting: SHB Aiden Edwards 0-0: GRAND SLAM HOME RUN (Flyball, 7D, EV 98.1 MPH), Distance : 397 ft
Pitching: LHP Yosé Figueroa
Batting: LHB Jeuyson Palomino 0-0: Ball
1-0: Foul Ball, location: 2F
1-1: Called Strike
1-2: Ground out 4-3 (Groundball, 4, EV 92.5 MPH)
Top of the 5th over - 5 runs, 3 hits, 0 errors, 0 left on base; Ames 5 - Lake County 0
BOTTOM OF THE 5TH
Lake County Captains batting - Pitching for Ames Sod Poodles : RHP Ean Carroll
Batting: RHB Emmanuel Martínez 0-0: Ball
1-0: Fly out, F9 (Flyball, 9LSF, EV 89.4 MPH)
Batting: LHB Alton Oceguera 0-0: Ball
1-0: Ball
2-0: Ball
3-0: Base on Balls
Batting: RHB Stefan Sampson 0-0: SINGLE (Line Drive, 34, EV 95.0 MPH)
Alton Oceguera to second
Runner from 2nd tries for 3rd, OUT! 9-5
Batting: LHB Thomas Pendleton 0-0: Called Strike
0-1: Fly out, F1 (Line Drive, P, EV 71.3 MPH)
Bottom of the 5th over - 0 runs, 1 hit, 0 errors, 1 left on base; Ames 5 - Lake County 0
TOP OF THE 6TH
Ames Sod Poodles batting - Pitching for Lake County Captains : LHP Yosé Figueroa
Batting: LHB Lincoln Eyre 0-0: Ball
1-0: Ball
2-0: Called Strike
2-1: Fly out, F9 (Flyball, 89S, EV 92.5 MPH)
Batting: RHB D.J. Stewart 0-0: Ball
1-0: Ball
2-0: Swinging Strike
2-1: SINGLE (Groundball, 34S, EV 67.5 MPH)
Batting: RHB Jimmy Schramm 0-0: Ball
Wild Pitch!
D.J. Stewart to second
1-0: Ball
2-0: Swinging Strike
2-1: Foul Ball, location: 23FF
2-2: Foul Ball, location: 2F
2-2: Ball
3-2: Strikes out looking
Batting: RHB Sam Hall 0-0: Ball
1-0: Ball
2-0: Ball
3-0: Base on Balls
Batting: RHB Isaac Keenan 0-0: Ball
1-0: Called Strike
1-1: Called Strike
1-2: Strikes out looking
Top of the 6th over - 0 runs, 1 hit, 0 errors, 2 left on base; Ames 5 - Lake County 0
BOTTOM OF THE 6TH
Lake County Captains batting - Pitching for Ames Sod Poodles : RHP Ean Carroll
Batting: LHB Harrison Waite 0-0: Called Strike
0-1: Hit by Pitch
Batting: LHB Felipe Cansino 0-0: Ball
1-0: Ball
2-0: Fly out, F6 (Popup, 6S, EV 84.4 MPH)
Batting: RHB Capo Beltran 0-0: Called Strike
0-1: Ball
1-1: Foul Ball, location: 2F
1-2: Foul Ball, location: 2F
1-2: Strikes out swinging
Pitching: RHP Lorenzo Barroso
Batting: RHB Logan Hernandez 0-0: Ball
1-0: Swinging Strike
1-1: SINGLE (Groundball, 34, EV 104.4 MPH) (infield hit)
Harrison Waite to second
Batting: LHB Frank Troxell 0-0: Ball
1-0: Foul Ball, location: 5FF
1-1: Foul Ball, location: 2F
1-2: Ball
2-2: Ground out 1-3 (Groundball, 15S, EV 67.5 MPH)
Bottom of the 6th over - 0 runs, 1 hit, 0 errors, 2 left on base; Ames 5 - Lake County 0
TOP OF THE 7TH
Ames Sod Poodles batting - Pitching for Lake County Captains : LHP Yosé Figueroa
Batting: LHB Juan Landa 0-0: Ball
1-0: Ball
2-0: Fly out, F4 (Line Drive, 4M, EV 71.9 MPH)
Batting: RHB Nando Reyes 0-0: Ball
1-0: Ball
2-0: Ball
3-0: Called Strike
3-1: Fly out, F8 (Flyball, 8LM, EV 86.9 MPH)
Batting: SHB Aiden Edwards 0-0: Called Strike
0-1: Foul Ball, location: 2F
0-2: Strikes out looking
Top of the 7th over - 0 runs, 0 hits, 0 errors, 0 left on base; Ames 5 - Lake County 0
BOTTOM OF THE 7TH
Lake County Captains batting - Pitching for Ames Sod Poodles : RHP Lorenzo Barroso
Batting: RHB Emmanuel Martínez 0-0: Ball
1-0: Ball
2-0: Ground out 6-3 (Groundball, 6, EV 90.0 MPH)
Batting: LHB Alton Oceguera 0-0: Ball
1-0: Ground out 4-3 (Groundball, 4S, EV 61.3 MPH)
Batting: RHB Stefan Sampson 0-0: Called Strike
0-1: Ball
1-1: Foul Ball, location: 2F
1-2: Strikes out swinging
Bottom of the 7th over - 0 runs, 0 hits, 0 errors, 0 left on base; Ames 5 - Lake County 0
TOP OF THE 8TH
Ames Sod Poodles batting - Pitching for Lake County Captains : LHP Yosé Figueroa
Batting: LHB Jeuyson Palomino 0-0: Ball
1-0: Ground out U3 (Groundball, 3S, EV 67.5 MPH)
Batting: LHB Lincoln Eyre 0-0: Called Strike
0-1: Ball
1-1: Foul Ball, location: 7LSF
1-2: Foul Ball, location: 5FF
1-2: Strikes out looking
Batting: RHB D.J. Stewart 0-0: Called Strike
0-1: Foul Ball, location: 3F
0-2: Ball
1-2: Strikes out looking
Top of the 8th over - 0 runs, 0 hits, 0 errors, 0 left on base; Ames 5 - Lake County 0
BOTTOM OF THE 8TH
Lake County Captains batting - Pitching for Ames Sod Poodles : RHP Lorenzo Barroso
Batting: LHB Thomas Pendleton 0-0: Ball
1-0: Ball
2-0: Ground out 4-3 (Groundball, 4, EV 84.4 MPH)
Batting: LHB Harrison Waite 0-0: Ball
1-0: Ball
2-0: Called Strike
2-1: Fly out, F7 (Flyball, 7LM, EV 93.1 MPH)
Batting: LHB Felipe Cansino 0-0: Ball
1-0: Foul Ball, location: 3SF
1-1: Foul Ball, location: 5F
1-2: Ball
2-2: Ground out 5-3 (Groundball, 5, EV 86.3 MPH)
Bottom of the 8th over - 0 runs, 0 hits, 0 errors, 0 left on base; Ames 5 - Lake County 0
TOP OF THE 9TH
Ames Sod Poodles batting - Pitching for Lake County Captains : LHP Yosé Figueroa
Batting: RHB Jimmy Schramm 0-0: Called Strike
0-1: Swinging Strike
0-2: Ball
1-2: SINGLE (Groundball, 6MD, EV 101.9 MPH)
Batting: RHB Sam Hall 0-0: Called Strike
0-1: Ball
1-1: Swinging Strike
1-2: Strikes out swinging
Pitching: RHP Smiley Bleeker
Batting: RHB Isaac Keenan 0-0: Foul Ball, location: 3DF
0-1: Ball
1-1: SINGLE (Line Drive, 8LS, EV 85.6 MPH)
Jimmy Schramm to second
Batting: LHB Juan Landa 0-0: Swinging Strike
0-1: Ball
1-1: Ball
2-1: Foul Ball, location: 5FF
2-2: Foul Ball, location: 2F
2-2: Ball
3-2: Strikes out swinging
Batting: RHB Nando Reyes 0-0: Ball
1-0: SINGLE (Groundball, 34D, EV 96.3 MPH)
Jimmy Schramm to third
Isaac Keenan to second
Runner from 3rd tries for Home, SAFE, throw by RF to home
Batting: SHB Aiden Edwards 0-0: Swinging Strike
0-1: Called Strike
Isaac Keenan steals 3rd base
0-2: Strikes out swinging
Top of the 9th over - 1 run, 3 hits, 0 errors, 2 left on base; Ames 6 - Lake County 0
BOTTOM OF THE 9TH
Lake County Captains batting - Pitching for Ames Sod Poodles : RHP Lorenzo Barroso
Pinch Hitting: SHB Luigi Nora 0-0: Called Strike
0-1: Ball
1-1: Swinging Strike
1-2: Ball
2-2: Ball
3-2: Base on Balls
Batting: RHB Logan Hernandez 0-0: Foul Ball, location: 9LSF
0-1: Called Strike
0-2: Ball
1-2: Strikes out swinging
Batting: LHB Frank Troxell 0-0: Called Strike
0-1: Swinging Strike
0-2: Ball
1-2: Ball
2-2: Strikes out swinging
Pinch Hitting: LHB Louie Sochor 0-0: Called Strike
0-1: Ball
1-1: Foul Ball, location: 7LMF
1-2: Ball
2-2: Strikes out looking
Bottom of the 9th over - 0 runs, 0 hits, 0 errors, 1 left on base; Ames 6 - Lake County 0
Wednesday, April 17th , 2024 - OOTP Baseball 24.11 Build 85